cohdb
Replays
Latest Replays
All Replays
Popular Replays
Top Player Replays
Match Explorer
How It Works
Community
CoH3 Stats
Reddit
Sign in to upload your games and track your stats! →
Sign in with Steam
Match 42842259
Unlisted
Match 42842259
Overview
Messages
Build Orders
End
Engineer Squad
Construct Barracks
Scout Squad
Riflemen Squad
Riflemen Squad
Selects Airborne Battlegroup
Selects Heavy Machine Gun Paradrop
Heavy Machine Gun Paradrop
Heavy Machine Gun Paradrop
Mechanized Support Center
Construct Medical Station
Construct Motor Pool
Selects Paratrooper Squad Paradrop
Selects Anti-tank Gun Team Paradrop
Anti-tank Gun Team Paradrop
Grenade Package
M24 Chaffee Light Tank
Selects Recon Loiter
Selects Paradrop Reinforcements
Paradrop Reinforcements
M24 Chaffee Light Tank
Recon Loiter
M1918 Browning Automatic Rifles
Engineer Squad
Kayaking Koala
Monsieur Nathan
0
0
Comments
sign in to comment!
No comments posted yet!